 Dungeon Crawl Stone Soup version 0.21.0-3-g78d12a8 (webtiles) character file.

252 ScottishVillain the Grave Robber (level 5, -2/35 HPs)
             Began as a Mummy Necromancer on Jan 8, 2018.
             Slain by a gnoll
             ... wielding a +0 spear
              (12 damage)
             ... on level 4 of the Dungeon on Jan 9, 2018.
             The game lasted 00:59:33 (3922 turns).

ScottishVillain the Grave Robber (MuNe)             Turns: 3922, Time: 00:59:34

Health: -2/35      AC:  4    Str: 11    XL:     5   Next: 89%
Magic:  0/12       EV: 12    Int: 15    God:
Gold:   159        SH:  0    Dex: 13    Spells: 7/13 levels left

rFire    x . .     SeeInvis .   n - +0 blowgun
rCold    + . .     Gourm    .   (no shield)
rNeg     + + +     Faith    .   a - +1 robe
rPois    ∞         Spirit   .   (no helmet)
rElec    .         Reflect  .   d - +0 cloak
rCorr    .         Harm     .   (no gloves)
MR       .....                  (no boots)
Stlth    ++........             (no amulet)
HPRegen  0.11/turn              (no ring)
MPRegen  0.13/turn              (no ring)

@: no status effects
A: no food or potions, fire vulnerability, cold resistance 1, negative energy
resistance 3, torment resistance, unbreathing
a: no special abilities


You were on level 4 of the Dungeon.
You were not hungry.

You visited 1 branch of the dungeon, and saw 4 of its levels.

You collected 159 gold pieces.

Inventory:

Hand Weapons
 e - a +0 dagger
 l - a +0 long sword
 n - a +0 blowgun (weapon)
 o - a +0 whip
Missiles
 c - 134 stones
 h - 27 arrows
 p - 7 poisoned needles (quivered)
Armour
 a - a +1 robe (worn)
 d - a +0 cloak (worn)
 m - a +0 leather armour
Scrolls
 i - a scroll of immolation
 j - a scroll of teleportation
 k - 2 scrolls of identify
Books
 b - a book of Necromancy

   Spells                             Type                      Level
   a - Pain                           Necromancy                   1
   b - Animate Skeleton               Necromancy                   1
   c - Vampiric Draining              Necromancy                   3
   d - Regeneration                   Charms/Necromancy            3
   e - Animate Dead                   Necromancy                   4
   f - Borgnjor's Vile Clutch         Necromancy/Earth             5
 f - a book of Minor Magic

   Spells                             Type                      Level
   a - Magic Dart                     Conjuration                  1
   b - Blink                          Translocation                2
   c - Call Imp                       Summoning                    2
   d - Slow                           Hexes                        2
   e - Conjure Flame                  Conjuration/Fire             3
   f - Mephitic Cloud                 Conjuration/Poison/Air       3


   Skills:
 + Level 0.2 Fighting
 + Level 0.2(0.8) Short Blades
 + Level 1.2 Long Blades
 + Level 0.2 Throwing
 + Level 1.7 Dodging
 + Level 1.7 Stealth
 + Level 4.8 Spellcasting
 + Level 1.1 Summonings
 + Level 5.4 Necromancy


You had 7 spell levels left.
You knew the following spells:

 Your Spells              Type           Power        Failure   Level  Hunger
a - Pain                  Necr           ###.         1%          1    N/A
c - Vampiric Draining     Necr           ###.......   5%          3    N/A
d - Call Imp              Summ           #.......     16%         2    N/A

Dungeon Overview and Level Annotations

Branches:
Dungeon (4/15)
 Temple: D:4-7

Altars:


Innate Abilities, Weirdness & Mutations

You do not eat or drink.
Your flesh is vulnerable to fire.
You are immune to poison.
Your flesh is cold resistant. (rC+)
You are immune to negative energy. (rN+++)
You are immune to unholy pain and torment.
You can survive without breathing.


Message History

As you read the scroll of teleportation, it crumbles to dust.
You feel strangely unstable. Blork the orc hits you with a scimitar.
* * * LOW HITPOINT WARNING * * *
Your crimson imp blinks!
Blork the orc casts a spell.
Blork the orc flickers and vanishes!
Deactivating autopickup; reactivate with Ctrl-A.
Reactivating autopickup.
You feel a bit more experienced.
Found a glaive.
Your surroundings seem slightly different.
A gnoll is nearby!
Found a stone staircase leading down.
Found 18 stones.
You start resting.
Casting: Pain
Confirm with . or Enter, or press ? or * to list all spells.
A beastly little devil appears in a puff of flame.
The gnoll hits you from afar with a spear!
You die...

...# .......(.. ...+
.#####> ......... ...#
.....#. #....... ...#
.....#. #.....#
...+........ #.....####
...#........##........#
......................#....
..............g.5.....#....
..#......##...##@..........
..#.....###...#####........
..#......##...........(....
..#...>..##).............
..#.##...##......(...(##
..#.. ................+
..#.. ..............†(# ..#
..#.............#
.##.....#...........).#


You could see a gnoll and a friendly crimson imp.

Vanquished Creatures
  Blork the orc (D:4)
  2 bullfrog skeletons (D:4)
  2 gnolls (D:2)
  5 adders
  4 dart slugs
  A leopard gecko (D:1)
  4 orcs (D:3)
  2 ball pythons (D:2)
  5 bats
  2 giant cockroaches (D:2)
  7 goblins
  5 hobgoblins
  7 jackals
  5 kobolds
  5 frilled lizards
  4 rats
61 creatures vanquished.

Vanquished Creatures (collateral kills)
  An orc (D:3)
  2 goblins (D:2)
  4 jackals
  2 kobolds (D:2)
  2 rats (D:2)
11 creatures vanquished.

Grand Total: 72 creatures vanquished

Notes
Turn   | Place    | Note
-------+----------+-------------------------------------------
     0 | D:1      | ScottishVillain the Mummy Necromancer began the quest for the Orb.
     0 | D:1      | Reached XP level 1. HP: 13/13 MP: 4/4
     2 | D:1      | Learned a level 1 spell: Animate Skeleton
   261 | D:1      | Reached XP level 2. HP: 19/19 MP: 3/5
   967 | D:2      | Reached XP level 3. HP: 24/24 MP: 4/7
   972 | D:2      | Learned a level 3 spell: Vampiric Draining
   998 | D:2      | Reached skill level 5 in Necromancy
  1449 | D:2      | Reached XP level 4. HP: 27/30 MP: 4/9
  1550 | D:2      | Learned a level 2 spell: Call Imp
  3515 | D:4      | Reached XP level 5. HP: 29/35 MP: 4/11
  3524 | D:4      | Reached skill level 1 in Summonings
  3769 | D:4      | Reached skill level 1 in Long Blades
  3888 | D:4      | Noticed Blork the orc
  3906 | D:4      | Killed Blork the orc
  3922 | D:4      | Slain by a gnoll

Skill      XL: |  1  2  3  4  5 |
---------------+----------------+-----
Spellcasting   | 3 4 |  4.8
Necromancy     | 5 |  5.4
Summonings     | 1 |  1.1
Long Blades    | 1 |  1.2
Fighting       | |  0.2
Short Blades   | |  0.2
Throwing       | |  0.2
Dodging        | |  1.7
Stealth        | |  1.7

Action                   |  1- 3 |  4- 6 || total
-------------------------+-------+-------++-------
Melee: Dagger            |    38 |    15 ||    53
       Long sword        |       |     7 ||     7
 Fire: Blowgun           |       |    21 ||    21
Throw: Stone             |     1 |       ||     1
 Cast: Pain              |    56 |    49 ||   105
       Vampiric Draining |     1 |     3 ||     4
       Animate Skeleton  |     1 |       ||     1
       Call Imp          |       |    19 ||    19
  Use: Scroll            |     6 |     6 ||    12
Armor: Robe              |    16 |    18 ||    34
Dodge: Dodged            |    59 |    46 ||   105
       Rpst.: Long sword |       |     2 ||     2
